 Dungeon Crawl Stone Soup version 0.29.1-12-g30fa7ad0bf (webtiles) character file.

Game seed: 8402108653541815800

387 Radix the Trooper (level 6, 0/58 HPs)
             Began as a Minotaur Fighter on Dec 14, 2022.
             Was an Initiate of Okawaru.
             Slain by a vampire (9 damage)
             ... on level 5 of the Dungeon.
             The game lasted 00:27:35 (4063 turns).

Radix the Trooper (Minotaur Fighter)                Turns: 4063, Time: 00:27:36

Health: 0/58       AC: 10    Str: 28    XL:     6   Next: 49%
Magic:  5/5        EV:  8    Int:  5    God:    Okawaru [......]
Gold:   182        SH:  4    Dex: 10    Spells: 5/5 levels left

rFire   . . .      SeeInvis .   a - +0 flail
rCold   . . .      Faith    .   c - +0 buckler
rNeg    . . .      Spirit   .   f - +0 chain mail
rPois   .          Reflect  .   (helmet restricted)
rElec   .          Harm     .   i - +0 cloak
rCorr   +          Rampage  .   (no gloves)
Will    .....                   (no boots)
Stlth   ..........              (no amulet)
HPRegen 0.19/turn               p - +6 ring of strength
MPRegen 0.09/turn               b - ring of resist corrosion

@: no status effects
A: horns 2, retaliatory headbutt
a: Renounce Religion


You were on level 5 of the Dungeon.
You worshipped Okawaru.
Okawaru was noncommittal.
You visited 2 branches of the dungeon, and saw 6 of its levels.

You collected 182 gold pieces.

Inventory:

Hand Weapons
 a - a +0 flail (weapon)
Armour
 c - a +0 buckler (worn)
 f - a +0 chain mail (worn)
 i - a +0 cloak (worn)
 r - the +1 robe of Ignis's Wrath {Int+4}
   (You found it on level 3 of the Dungeon)

   Int:       It affects your intelligence (+4).
Jewellery
 b - a ring of resist corrosion (right hand)
 p - a +6 ring of strength (left hand)
Scrolls
 e - 5 scrolls of identify {unknown}
 g - a scroll of poison {unknown}
 h - 2 scrolls of teleportation {unknown}
 j - 2 scrolls of enchant armour {unknown}
 k - 2 scrolls of vulnerability {unknown}
 m - 3 scrolls of immolation
 n - 2 scrolls of fear {unknown}
 s - a scroll of butterflies {unknown}
 t - a scroll of amnesia {unknown}
 u - a scroll of blinking {unknown}
Potions
 d - 3 potions of might
 l - a potion of flight
 o - a potion of curing
 q - a potion of mutation {unknown}
 v - 2 potions of lignification {unknown}


   Skills:
 + Level 6.8 Fighting
 + Level 6.1 Maces & Flails
 - Level 3.6 Armour
 - Level 3.6 Shields


You had 5 spell levels left.
You didn't know any spells.
Your spell library contained the following spells:

 Spells                   Type           Power      Damage    Failure   Level
 Foxfire                  Conj/Fire      0%         2x1d4     98%         1
 Conjure Flame            Conj/Fire      0%         6-21      100%        3
 Inner Flame              Hex/Fire       0%         N/A       100%        3
 Flame Wave               Conj/Fire      0%         2d4       100%        4
 Animate Dead             Necr           Unusable   N/A       N/A         4
 Summon Ice Beast         Ice/Summ       Unusable   N/A       N/A         4
 Summon Mana Viper        Hex/Summ       Unusable   N/A       N/A         5
 Haunt                    Necr/Summ      Unusable   N/A       N/A         7
 Monstrous Menagerie      Summ           Unusable   N/A       N/A         7
 Infestation              Necr           Unusable   N/A       N/A         8

Dungeon Overview and Level Annotations

Branches:
Dungeon (5/15)             Temple (1/1) D:4

Altars:
Cheibriados
Dithmenos
Elyvilon
Gozag
Kikubaaqudgha
Okawaru
Sif Muna
Trog
Vehumet
Wu Jian
The Shining One

Annotations:
D:4 1 runed translucent door, Ascent's ghost, novice GnWn


Innate Abilities, Weirdness & Mutations

You have a pair of horns on your head.
You reflexively headbutt those who attack you in melee.


Message History

The iguana is almost dead.
The iguana bites you. The orc hits you with a +0 flail.
You barely miss the orc. The iguana barely misses you.
You block the orc's attack.
You closely miss the orc. The iguana closely misses you.
The orc hits you but does no damage.
You sock the orc!
You kill the orc!
Okawaru accepts your kill. The iguana barely misses you.
You hit the iguana but do no damage. You headbutt the iguana.
You kill the iguana!
Okawaru accepts your kill.
The iguana bites you but does no damage.
Your Maces & Flails skill increases to level 6!
You sock the iguana!
The iguana is severely wounded.
The iguana bites you. The iguana bites you! Something hits you.
Something bites you but does no damage.
You closely miss the iguana.
The iguana is severely wounded.
The iguana bites you. Something hits you!
Something bites you but does no damage.
You sock the iguana!
You kill the iguana!
Okawaru accepts your kill. Something hits you. Something bites you.
Something draws strength from your injuries!
You closely miss the phantom. You block the phantom's attack.
Something hits you. Something bites you but does no damage.
You hit the phantom but do no damage. Something hits you but does no damage.
Something bites you but does no damage. The phantom hits you.
You barely miss the phantom. Something hits you!
* * * LOW HITPOINT WARNING * * *
Something bites you!
* * * LOW HITPOINT WARNING * * *
Something draws strength from your injuries!
The phantom barely misses you.
You feel better. Something hits you!
You die...

......... ... ...
#.#.#### #...... #.#.#
###....$. .. #.#.####
#.. ... .# ....>..##
#.###.### ..#
........###.#..#..#...#
............#.....#...#
....)........#.#.#....#
............#..W@.#
............#..#..#
..##..###.#####.###
#####.#.....#?...|# .
#.#..8.[#.....#..(.
#...888....[...⌠.⌠.⌠
#.#..8..#.....#.....
#.....#)...$#..⌠.. #.#
###.### #.##


You could see a phantom.

Vanquished Creatures
  A scorpion (D:4)
  4 iguanas
  2 orc wizards (D:4)
  7 adders
  2 ufetubi (D:5)
  2 worms (D:2)
  3 dart slugs
  5 orcs
  5 endoplasms
  3 giant cockroaches (D:1)
  5 goblins
  8 hobgoblins
  4 quokkas
  7 ball pythons
  5 bats
  3 frilled lizards
  3 kobolds
  6 rats
75 creatures vanquished.

Vanquished Creatures (others)
  An orc wizard (D:4)
1 creature vanquished.

Grand Total: 76 creatures vanquished

Notes
Turn   | Place    | Note
-------+----------+-------------------------------------------
     0 | D:1      | Radix the Minotaur Fighter began the quest for the Orb.
     0 | D:1      | Reached XP level 1. HP: 19/19 MP: 0/0
   249 | D:1      | Reached XP level 2. HP: 26/27 MP: 1/1
   277 | D:1      | Found a faded altar of an unknown god.
   285 | D:1      | Got Plato's Essays on the Pyromaniac
  1019 | D:2      | Reached XP level 3. HP: 31/34 MP: 2/2
  2062 | D:3      | Reached XP level 4. HP: 41/41 MP: 3/3
  2106 | D:3      | Reached skill level 5 in Fighting
  2510 | D:3      | Found a bloodstained altar of Trog.
  2770 | D:3      | Identified the +1 robe of Ignis's Wrath {Int+4}
  3238 | D:4      | Reached XP level 5. HP: 48/48 MP: 4/4
  3389 | D:4      | Reached skill level 5 in Maces & Flails
  3435 | D:4      | Found a staircase to the Ecumenical Temple.
  3443 | Temple   | Entered the Ecumenical Temple
  3488 | Temple   | Became a worshipper of Warmaster Okawaru
  3659 | D:4      | Reached XP level 6. HP: 33/58 MP: 5/5
  3891 | D:4      | Found a runed translucent door.
  3896 | D:4      | Noticed Ascent's ghost (novice GnWn)
  3984 | D:5      | Entered Level 5 of the Dungeon
  4042 | D:5      | Noticed a vampire
  4062 | D:5      | HP: 1/58 [something (11)]
  4063 | D:5      | Slain by a vampire

Illustrated notes

Levels and vault maps discovered:
D:1:      nicolae_arrival_washed_ashore, layout_loops_corners,
          shapermc_ecumenical_altar_rom_forum
D:2:      layout_loops_cross
D:3:      layout_basic, mainiacjoe_overflow_chevrons
D:4:      layout_rooms, minmay_temple_entry_hall, ebering_ghost_inner_flame
D:5:      layout_rooms, nicolae_hepliaklqana_hippocampus,
          minmay_chambers_of_fives, uniq_pikel
Temple:   cyrus_temple_forest

Skill      XL: |  1  2  3  4  5  6 |
---------------+-------------------+-----
Fighting       | 4 5 6 |  6.8
Maces & Flails | 3 4 5 6 |  6.1
Armour         | |  3.6
Shields        | |  3.6

Action                   |  1- 3 |  4- 6 || total
-------------------------+-------+-------++-------
Melee: Flail             |    78 |   115 ||   193
       Headbutt          |     6 |    17 ||    23
  Use: Potion            |     1 |     4 ||     5
Armor: Chain mail        |    47 |    85 ||   132
Dodge: Dodged            |    27 |    41 ||    68
Block: Buckler           |    13 |    26 ||    39
